 Dungeon Crawl Stone Soup version 0.25.0-3-gd7cc5688da (webtiles) character file.

Game seed: 15706186118545999351

32 Acheron the Skirmisher (level 3, -1/31 HPs)
             Began as a Demonspawn Abyssal Knight on June 15, 2020.
             Was a Follower of Lugonu.
             Slain by a hound (2 damage)
             ... on level 2 of the Dungeon.
             The game lasted 00:04:02 (637 turns).

Acheron the Skirmisher (Demonspawn Abyssal Knight)   Turns: 637, Time: 00:04:02

Health: -1/31      AC:  6    Str: 10    XL:     3   Next: 10%
Magic:  4/4        EV: 11    Int: 13    God:    Lugonu [*.....]
Gold:   76         SH:  0    Dex: 13    Spells: 2/2 levels left

rFire    . . .     SeeInvis .   a - +1 hand axe
rCold    . . .     Gourm    .   (no shield)
rNeg     . . .     Faith    .   b - +1 leather armour
rPois    .         Spirit   .   (no helmet)
rElec    .         Reflect  .   (no cloak)
rCorr    .         Harm     .   (no gloves)
MR       .....                  (no boots)
Stlth    +.........             (no amulet)
HPRegen  0.10/turn              (no ring)
MPRegen  0.09/turn              (no ring)

@: no status effects
A: rugged brown scales 2, weak 1, MP-powered wands
a: Depart the Abyss, Renounce Religion


You were on level 2 of the Dungeon.
You worshipped Lugonu.
Lugonu was aware of your devotion.
You were not hungry.

You visited 1 branch of the dungeon, and saw 2 of its levels.
You visited the Abyss 1 time.

You collected 76 gold pieces.

Inventory:

Hand Weapons
 a - a +1 hand axe (weapon)
 p - a +0 rapier
Missiles
 f - 25 sling bullets
Armour
 b - a +1 leather armour (worn)
 o - a +2 buckler
Jewellery
 q - a +6 ring of intelligence {unknown}
Scrolls
 e - a scroll of remove curse {unknown}
 n - a scroll of identify {unknown}
Potions
 d - a potion of heal wounds {unknown}
 g - a potion of berserk rage {unknown}
 h - a potion of lignification {unknown}
 k - a potion of degeneration {unknown}
 l - a potion of magic {unknown}
Comestibles
 c - a ration
 j - 7 chunks of flesh


   Skills:
 + Level 3.9 Fighting
 + Level 2.1 Axes
 + Level 1.9 Armour
 + Level 0.8 Dodging
 + Level 2.5 Invocations


You had 2 spell levels left.
You didn't know any spells.
Your spell library was empty.

Dungeon Overview and Level Annotations

Branches:
Dungeon (2/15)

Altars:


Innate Abilities, Weirdness & Mutations

You are mostly covered in rugged brown scales. (AC +2, +5% HP)
You are weak. (Str -2)
You expend magic power (3 MP) to strengthen your wands.


Message History

* * * LOW HITPOINT WARNING * * *
You hit the hound.
The hound is heavily wounded.
The hound stops to sniff the ground.
The hound barely misses you.
The hound stops to sniff the ground.
The hound closely misses you.
You barely miss the hound.
The hound is heavily wounded.
The hound barely misses you. The hound bites you.
* * * LOW HITPOINT WARNING * * *
You closely miss the hound.
The hound is heavily wounded.
The hound bites you but does no damage. The hound bites you.
* * * LOW HITPOINT WARNING * * *
It was a potion of mutation.
You feel extremely strange.
You feel weaker.
You feel your magical essence link to the dungeon's wands.
The hound bites you.
You die...

...##...... ######...#..
..#...#.. ...# #...#.# ##...(..#
#..# ######...#.# #.......# #..
.........#.# #......(# #.##
######...#.# ##.#...#(####..##
#...#รท#
#...#..(........########...#.###
..).(###.#...........<.#.......#
...............h@..###.#.###>#.#
##.##.##...###..##.##>(..###.#.#
####.##...# #...............#.#
.##...# #)######...####.#.#
.##...###.### ##.## #.#.#
##..........#####.#####.#.#
#....###.#.....<.......#.#
............................#
................##############


You could see a hound.

Vanquished Creatures
  An adder (D:2)
  An ooze (D:1)
  A dart slug (D:1)
  A bat (D:1)
  2 giant cockroaches
  2 goblins
  2 hobgoblins
  A kobold (D:2)
  8 rats
19 creatures vanquished.

Notes
Turn   | Place    | Note
-------+----------+-------------------------------------------
     0 | Abyss:1  | Acheron the Demonspawn Abyssal Knight began the quest for
                  | the Orb.
     0 | Abyss:1  | Reached XP level 1. HP: 18/18 MP: 2/2
     0 | Abyss:1  | Found a corrupted altar of Lugonu.
    26 | D:1      | Escaped the Abyss
   133 | D:1      | Gained mutation: You are partially covered in rugged brown
                  | scales. (AC +1, +3% HP) [demonic ancestry]
   133 | D:1      | Reached XP level 2. HP: 15/24 MP: 3/3
   605 | D:2      | Gained mutation: You are mostly covered in rugged brown
                  | scales. (AC +2, +5% HP) [demonic ancestry]
   605 | D:2      | Reached XP level 3. HP: 12/31 MP: 4/4
   636 | D:2      | HP: 1/31 [hound (2)]
   637 | D:2      | Gained mutation: You are weak. (Str -2) [potion of
                  | mutation]
   637 | D:2      | Gained mutation: You expend magic power (3 MP) to
                  | strengthen your wands. [potion of mutation]
   637 | D:2      | Slain by a hound

Illustrated notes

Levels and vault maps discovered:
D:1:      elethiomel_arrival_diamonds, layout_rooms
D:2:      layout_loops_ring, lemuel_doored_altar, uniq_crazy_yiuf_cottage

Skill      XL: |  1  2 |
---------------+-------+-----
Axes           | 2 |  2.1
Fighting       | |  3.9
Armour         | |  1.9
Dodging        | |  0.8
Invocations    | |  2.5

Action                   || total
-------------------------++-------
Melee: Hand axe          ||    52
  Use: Scroll            ||     1
       Potion            ||     1
Armor: Leather armour    ||    23
Dodge: Dodged            ||    44
